 Dungeon Crawl Stone Soup version 0.29-a0-356-g7bc237e783 (webtiles) character file.

Game seed: 12259756255754640716

216 spaghetti the Prestidigitator (level 5, 0/41 HPs)
             Began as a Gnoll Wanderer on Apr 25, 2022.
             Was a Believer of Vehumet.
             Slain by a lemure (8 damage)
             ... led by Pikel
             ... on level 5 of the Dungeon.
             The game lasted 00:07:18 (4832 turns).

spaghetti the Prestidigitator (Gnoll Wanderer)      Turns: 4832, Time: 00:07:19

Health: 0/41       AC:  6    Str: 19    XL:     5   Next: 93%
Magic:  4/7        EV: 11    Int: 12    God:    Vehumet [**....]
Gold:   177        SH:  0    Dex: 10    Spells: 1/7 levels left

rFire   . . .      SeeInvis .   u - +8 long sword of the Forgotten Orbs {vorpal, Drain Str+5, long}
rCold   . . .      Faith    .   (no shield)
rNeg    . . .      Spirit   .   c - +0 ring mail
rPois   .          Reflect  .   (no helmet)
rElec   .          Harm     .   (no cloak)
rCorr   +          Rampage  .   (no gloves)
Will    .....                   (no boots)
Stlth   +.........              (no amulet)
HPRegen 0.13/turn               q - ring of resist corrosion
MPRegen 0.10/turn               (no ring)

@: no status effects
A: fangs 1, strong nose, distributed training
a: Renounce Religion


You were on level 5 of the Dungeon.
You worshipped Vehumet.
Vehumet was pleased with you.
You visited 1 branch of the dungeon, and saw 5 of its levels.

You collected 177 gold pieces.


Innate Abilities, Weirdness & Mutations

You have very sharp teeth.
Your uncanny sense of smell can sniff out nearby items.
Your experience applies equally to all skills.


   Skills:
 + Level 3.1 Fighting
 + Level 1.7 Short Blades
 + Level 1.7 Long Blades
 + Level 1.7 Axes
 + Level 3.1 Maces & Flails
 + Level 1.7 Polearms
 + Level 1.7 Staves
 + Level 1.7 Slings
 + Level 1.7 Bows
 + Level 1.7 Crossbows
 + Level 1.7 Throwing
 + Level 6.7 Armour
 + Level 1.7 Dodging
 + Level 1.7 Stealth
 + Level 1.7 Shields
 + Level 1.7 Unarmed Combat
 + Level 1.7 Spellcasting
 + Level 1.3 Conjurations
 + Level 1.3 Hexes
 + Level 1.3 Summonings
 + Level 1.3 Necromancy
 + Level 1.3 Translocations
 + Level 1.3 Transmutations
 + Level 1.3 Fire Magic
 + Level 1.3 Ice Magic
 + Level 1.3 Air Magic
 + Level 1.3 Earth Magic
 + Level 1.3 Poison Magic
 + Level 1.9 Invocations
 + Level 10.5 Evocations


You had one spell level left.
You knew the following spells:

 Your Spells              Type           Power      Damage    Failure   Level
a - Freeze                Ice            16%        1d4       26%         1
b - Poisonous Vapours     Pois/Air       8%         N/A       36%         2
c - Ignite Poison         Fire/Tmut/Pois 4%         N/A       61%         3

Your spell library contained the following spells:

 Spells                   Type           Power      Damage    Failure   Level
 Inner Flame              Hex/Fire       4%         N/A       61%         3
 Confusing Touch          Hex            4%         N/A       61%         3
 Frozen Ramparts          Ice            8%         1d2       61%         3
 Mephitic Cloud           Conj/Pois/Air  4%         N/A       61%         3
 Summon Guardian Golem    Hex/Summ       4%         N/A       61%         3
 Cause Fear               Hex            2%         N/A       95%         4
 Ice Form                 Ice/Tmut       4%         N/A       95%         4
 Summon Ice Beast         Ice/Summ       4%         N/A       95%         4
 Freezing Cloud           Conj/Ice/Air   2%         6-21      100%        5
 Yara's Violent Unravell  Hex/Tmut       2%         3d3       100%        5
 Dragon Form              Tmut           2%         N/A       100%        7
 Enfeeble                 Hex            2%         N/A       100%        7
 Orb of Destruction       Conj           2%         9d5       100%        7
 Spellforged Servitor     Conj/Summ      2%         N/A       100%        7
 Dragon's Call            Summ           2%         N/A       100%        9

Inventory:

Hand Weapons
 a - a +0 mace {mace}
 u - the +8 long sword of the Forgotten Orbs (weapon) {vorpal, Drain Str+5, long}
   (You found it on level 4 of the Dungeon)

   It inflicts extra damage upon your enemies.
   Str:       It affects your strength (+5).
   Drain:     It drains your maximum health when unequipped.
Missiles
 f - 128 stones {throwing}
 k - 8 poisoned darts {throwing}
Armour
 c - a +0 ring mail (worn)
Jewellery
 q - a ring of resist corrosion (left hand)
   (You found it on level 3 of the Dungeon)
Wands
 b - a wand of polymorph (15)
Scrolls
 d - 2 scrolls of fog
 e - 6 scrolls of identify {unknown}
 g - a scroll of amnesia {unknown}
 h - 2 scrolls of vulnerability {unknown}
 i - 2 scrolls of teleportation {unknown}
 l - 2 scrolls of fear {unknown}
 r - a scroll of acquirement {unknown}
 t - a scroll of enchant weapon {unknown}
 v - a scroll of brand weapon {unknown}
 w - a scroll of enchant armour {unknown}
Potions
 j - 2 potions of flight {unknown}
 m - 2 potions of attraction {unknown}
 n - 2 potions of curing {@q1}
 o - a potion of experience {unknown}
 p - a potion of heal wounds {unknown}
 s - a potion of berserk rage {unknown}

Dungeon Overview and Level Annotations

Branches:
Dungeon (5/15)             Temple (0/1) D:4

Altars:
Dithmenos
Okawaru
Vehumet

Annotations:
D:3 1 runed translucent door, 2 transporters, Crazy Yiuf; Hubjo's ghost, amateur DEFE
D:5 Grinder; Pikel

## # .
#####.#.#...
#...55......
#...@K......
#....5..$...
....)#....##..#
.... #..### #
..# #### .


You could see Pikel (poisoned) and 3 lemures.


Message History

A hound comes into view. 😎 MP[-2]
You lost 2 mp, and now have 1/7 mp.
You don't have enough magic to cast this spell.
Unknown command.
You don't have enough magic to cast this spell.
Unknown command.
The hound barks!
You hear a shout!
An orc priest comes into view. It is wielding a +1 trident of venom.
Casting: Poisonous Vapours (dangerous; 36% risk of failure)
Confirm with . or Enter, or press ? or * to list all spells.
Aiming: Freeze (safe; 26% risk of failure)
Press: ? - help, Shift-Dir - straight line, f/p - orc
Aim: an orc, wielding a +0 flail and wearing a +0 leather armour (heavily wounded, very poisoned)
You miscast Freeze.
Nothing appears to happen.
You kill the orc!
Vehumet accepts your kill.
You feel your power returning.
Unknown command.
The orc priest mumbles some strange prayers to Beogh against you.
Beogh smites you!
You climb upwards.
There is a stone staircase leading down here. 😕 HP[-8]
You take 8 damage, and now have 33/41 hp.
You start resting.
Your magical contamination has completely faded away. 😕 HP[+2] MP[+1]
You regained 2 hp, and now have 35/41 hp.
You start resting. 😕 HP[+5] MP[+5]
You regained 5 hp, and now have 40/41 hp.
Your mp is fully restored (7).
Unknown command.
Unknown command.
There is a stone staircase leading down here. 😎 HP[+1]
Your hp is fully restored (41).
You climb downwards.
Level annotation: Grinder Pikel shouts!
The lemure shouts! x2; You hear a shout!
A lemure comes into view.
Pikel says, "You'll make a fine lemure."
There is a stone staircase leading up here.
Casting: Freeze (safe; 26% risk of failure)
Confirm with . or Enter, or press ? or * to list all spells.
Aiming: Poisonous Vapours (dangerous; 36% risk of failure)
Press: ? - help, Dir - move target, f - Pikel
Aim: Pikel, wielding a +2 whip of freezing, wearing a +0 robe and carrying a wand of digging (4) Poisonous vapours surround Pikel!
Pikel is poisoned.
The lemure shouts!
The adder hisses angrily.
A lemure comes into view. 😎 MP[-2]
You lost 2 mp, and now have 5/7 mp.
Casting: Poisonous Vapours (dangerous; 36% risk of failure)
Confirm with . or Enter, or press ? or * to list all spells.
Aiming: Poisonous Vapours (dangerous; 36% risk of failure)
Press: ? - help, Dir - move target, p - Pikel You can't see that place.
You can't see that place.
Okay, then.
Casting: Poisonous Vapours (dangerous; 36% risk of failure)
Confirm with . or Enter, or press ? or * to list all spells.
Aiming: Poisonous Vapours (dangerous; 36% risk of failure)
Press: ? - help, Dir - move target, f - Pikel
Aim: Pikel, wielding a +2 whip of freezing, wearing a +0 robe and carrying a wand of digging (4) (poisoned) Poisonous vapours surround Pikel!
Pikel looks even sicker.
Pikel zaps a wand.
Some rock shatters into small pieces. 😎 MP[-2]
You lost 2 mp, and now have 3/7 mp.
Unknown command.
Unknown command.
Okay, then.
The adder falls through a shaft!
The shaft crumbles and collapses.
You slash the lemure! The lemure misses you. The lemure hits you. 😕 HP[-5]
You take 5 damage, and now have 36/41 hp.
You hit the lemure.
The lemure hits you but does no damage. x2
You hit the lemure. Your bite misses the lemure.
The lemure hits you but does no damage. x2; The lemure closely misses you.
You slash the lemure!
You kill the lemure!
That felt strangely unrewarding.
The lemure hits you. The lemure hits you but does no damage.
Pikel hits you with a +2 whip of freezing.
Pikel freezes you. The lemure hits you. The lemure hits you but does no damage.
The lemure closely misses you. 😮 HP[-11]
You take 11 damage, and now have 25/41 hp.
MASSIVE DAMAGE!! (PAUSE) Pikel hits you with a +2 whip of freezing!
* * * LOW HITPOINT WARNING * * *
Pikel freezes you.
* * * LOW HITPOINT WARNING * * *
The lemure hits you.
* * * LOW HITPOINT WARNING * * *
The lemure hits you!
You die...

Skill      XL: |  1  2  3  4  5 |
---------------+----------------+-----
Evocations     | | 10.5
Invocations    | 1 |  1.9
Short Blades   | 1 |  1.7
Long Blades    | 1 |  1.7
Axes           | 1 |  1.7
Polearms       | 1 |  1.7
Staves         | 1 |  1.7
Slings         | 1 |  1.7
Bows           | 1 |  1.7
Crossbows      | 1 |  1.7
Throwing       | 1 |  1.7
Dodging        | 1 |  1.7
Stealth        | 1 |  1.7
Shields        | 1 |  1.7
Unarmed Combat | 1 |  1.7
Spellcasting   | 1 |  1.7
Conjurations   | 1 |  1.3
Hexes          | 1 |  1.3
Summonings     | 1 |  1.3
Necromancy     | 1 |  1.3
Translocations | 1 |  1.3
Transmutations | 1 |  1.3
Fire Magic     | 1 |  1.3
Ice Magic      | 1 |  1.3
Air Magic      | 1 |  1.3
Earth Magic    | 1 |  1.3
Poison Magic   | 1 |  1.3
Fighting       | 3 |  3.1
Maces & Flails | 3 |  3.1
Armour         | |  6.7

Action                   |  1- 3 |  4- 6 || total
-------------------------+-------+-------++-------
Melee: Mace              |   147 |   102 ||   249
       Bite              |    15 |     6 ||    21
       Punch             |       |     2 ||     2
       Long sword        |       |    15 ||    15
 Cast: Freeze            |     7 |    21 ||    28
       Poisonous Vapours |       |    21 ||    21
  Use: Potion            |     1 |       ||     1
Armor: Ring mail         |   111 |    73 ||   184
Dodge: Dodged            |   101 |    80 ||   181

Levels and vault maps discovered:
D:1:      lightli_arrival_flooded_house, layout_loops_ring,
          basic_ecumenical_altar, chequers_hall_statues_y
D:2:      layout_loops_ring, minmay_misc_feat_hallway, minmay_3d_cube
D:3:      layout_loops_ring, okawaru_altar_gauntlet_db, grunt_dithmenos_smoke,
          gammafunk_ghost_arena, uniq_crazy_yiuf_cottage
D:4:      layout_cave_pools, vehumet_crystals, minmay_temple_entry_trees
D:5:      layout_cave_pools, nicolae_elyvilon_temple_path,
          mainiacjoe_overflow_alcove_2, serial_column_ruins,
          column_ruins_grid_3, column_ruins_corridor_straight,
          column_ruins_corridor_straight, column_ruins_corridor_dead_end,
          column_ruins_columns_dead_end, uniq_pikel, uniq_grinder

Notes
Turn   | Place    | Note
-------+----------+-------------------------------------------
     0 | D:1      | Reached skill level 10 in Evocations
     0 | D:1      | spaghetti the Gnoll Wanderer began the quest for the Orb.
     0 | D:1      | spaghetti set off with the following items: a +0 mace
                  | {mace}, a wand of polymorph (15), a +0 ring mail, a scroll
                  | of fog
     0 | D:1      | Reached XP level 1. HP: 17/17 MP: 1/1
     0 | D:1      | magus.rc [v1.9.6]
    30 | D:1      | Found a faded altar of an unknown god.
    51 | D:1      | Prayed at the altar of an unknown god.
    51 | D:1      | Became a worshipper of Vehumet
    51 | D:1      | Reached * piety under Vehumet
    51 | D:1      | Offered knowledge of Freeze by Vehumet.
   360 | D:1      | Reached XP level 2. HP: 22/23 MP: 2/2
   362 | D:1      | Learned a level 1 spell: Freeze
  1149 | D:1      | Reached XP level 3. HP: 22/28 MP: 3/3
  1433 | D:2      | Reached skill level 1 in Invocations
  1531 | D:2      | You add the spells Ignite Poison, Mephitic Cloud and
                  | Freezing Cloud to your library.
  1666 | D:2      | Reached skill level 1 in Short Blades
  1666 | D:2      | Reached skill level 1 in Long Blades
  1666 | D:2      | Reached skill level 1 in Axes
  1666 | D:2      | Reached skill level 1 in Polearms
  1666 | D:2      | Reached skill level 1 in Staves
  1666 | D:2      | Reached skill level 1 in Slings
  1666 | D:2      | Reached skill level 1 in Bows
  1666 | D:2      | Reached skill level 1 in Crossbows
  1666 | D:2      | Reached skill level 1 in Throwing
  1666 | D:2      | Reached skill level 1 in Dodging
  1666 | D:2      | Reached skill level 1 in Stealth
  1666 | D:2      | Reached skill level 1 in Shields
  1666 | D:2      | Reached skill level 1 in Unarmed Combat
  1666 | D:2      | Reached skill level 1 in Spellcasting
  1762 | D:2      | Offered knowledge of Poisonous Vapours by Vehumet.
  1856 | D:2      | Reached XP level 4. HP: 33/34 MP: 5/5
  1882 | D:2      | Reached ** piety under Vehumet
  1886 | D:2      | Learned a level 2 spell: Poisonous Vapours
  2465 | D:2      | You pick up a book of Misfortune and begin reading...
  2465 | D:2      | You add the spells Confusing Touch, Yara's Violent
                  | Unravelling and Enfeeble to your library.
  2701 | D:3      | You pick up a book of Rime and begin reading...
  2701 | D:3      | You add the spells Frozen Ramparts, Ice Form and Summon Ice
                  | Beast to your library.
  2858 | D:3      | Reached skill level 1 in Conjurations
  2858 | D:3      | Reached skill level 1 in Hexes
  2858 | D:3      | Reached skill level 1 in Summonings
  2858 | D:3      | Reached skill level 1 in Necromancy
  2858 | D:3      | Reached skill level 1 in Translocations
  2858 | D:3      | Reached skill level 1 in Transmutations
  2858 | D:3      | Reached skill level 1 in Fire Magic
  2858 | D:3      | Reached skill level 1 in Ice Magic
  2858 | D:3      | Reached skill level 1 in Air Magic
  2858 | D:3      | Reached skill level 1 in Earth Magic
  2858 | D:3      | Reached skill level 1 in Poison Magic
  2961 | D:3      | Found a shadowy altar of Dithmenos.
  3153 | D:3      | Found a runed translucent door.
  3154 | D:3      | Noticed Crazy Yiuf
  3229 | D:3      | You pick up a book of Dangerous Friends and begin
                  | reading...
  3229 | D:3      | You add the spells Summon Guardian Golem, Orb of
                  | Destruction and Spellforged Servitor to your library.
  3286 | D:3      | Noticed a kobold brigand
  3308 | D:3      | Noticed Hubjo's ghost (amateur DEFE)
  3319 | D:3      | You pick up a book of the Dragon and begin reading...
  3319 | D:3      | You add the spells Cause Fear, Dragon Form and Dragon's
                  | Call to your library.
  3394 | D:3      | Found a transporter.
  3397 | D:3      | Found a transporter.
  3548 | D:3      | Reached XP level 5. HP: 39/40 MP: 6/6
  3628 | D:3      | Found an iron altar of Okawaru.
  3883 | D:4      | Found a radiant altar of Vehumet.
  4230 | D:4      | Offered knowledge of Inner Flame by Vehumet.
  4231 | D:4      | Reached skill level 3 in Fighting
  4231 | D:4      | Reached skill level 3 in Maces & Flails
  4316 | D:4      | Learned a level 3 spell: Ignite Poison
  4390 | D:4      | Found a staircase to the Ecumenical Temple.
  4413 | D:4      | Identified the +8 long sword of the Forgotten Orbs {vorpal,
                  | Drain Str+5}
  4703 | D:5      | Entered Level 5 of the Dungeon
  4703 | D:5      | Noticed Grinder
  4703 | D:5      | Noticed an ogre
  4703 | D:5      | Noticed a black bear
  4823 | D:5      | Noticed Pikel
  4823 | D:5      | Noticed a lemure
  4823 | D:5      | Noticed a lemure
  4823 | D:5      | Noticed a lemure
  4824 | D:5      | Noticed a lemure
  4831 | D:5      | Killed a lemure
  4832 | D:5      | HP: 8/41 [lemure[Pikel] (5)]
  4832 | D:5      | Slain by a lemure

Vanquished Creatures
  A lemure (D:5)
  A hound (D:4)
  A jelly (D:4)
  A gnoll (D:3)
  6 adders
  2 worms
  2 dart slugs (D:3)
  4 orcs
  4 ball pythons
  5 bats
  3 endoplasms
  5 giant cockroaches
  6 goblins
  12 hobgoblins
  A jackal (D:2)
  7 quokkas
  2 frilled lizards (D:1)
  9 kobolds
  9 rats
81 creatures vanquished.

Table legend:
 A = Non-vault XP
 B = Vault XP
 C = Vault XP percentage of total XP
 D = Non-vault monster count
 E = Vault monster count
 F = Vault count percentage of total count
                 A         B        C        D         E       F
            +---------+---------+-------+---------+---------+-------
      Total |     278 |      31 |  10.0 |      70 |      10 |  12.5
            +---------+---------+-------+---------+---------+-------
        D:1 |      51 |       0 |   0.0 |      23 |       0 |   0.0
        D:2 |      62 |       7 |  10.1 |      16 |       4 |  20.0
        D:3 |      46 |      24 |  34.3 |      16 |       6 |  27.3
        D:4 |     116 |       0 |   0.0 |      14 |       0 |   0.0
        D:5 |       3 |       0 |   0.0 |       1 |       0 |   0.0
            +---------+---------+-------+---------+---------+-------

Illustrated notes

Table legend:
 A = Kills in this place as a percentage of kills in entire the game.
 B = Kills by you in this place as a percentage of kills by you in the entire game.
 C = Kills by friends in this place as a percentage of kills by friends in the entire game.
 D = Other kills in this place as a percentage of other kills in the entire game.
 E = Experience gained in this place as a percentage of experience gained in the entire game.
 F = Experience gained in this place divided by the number of levels of this place that you have seen.
                   A       B       C       D       E      F
               +-------+-------+-------+-------+-------+----------------------
         Total | 100.0 | 100.0 |   N/A |   N/A | 100.0 |  61.8
       Dungeon | 100.0 | 100.0 |   N/A |   N/A | 100.0 |  61.8
               +-------+-------+-------+-------+-------+----------------------

Table legend: (Time is in decaauts)
 A = Elapsed time spent in this place.
 B = Non-inter-level travel time spent in this place.
 C = Inter-level travel time spent in this place.
 D = Time resting spent in this place.
 E = Time spent auto-exploring this place.
 F = Levels seen in this place.
 G = Mean time per level.
                   A        B        C        D        E       F      G
               +--------+--------+--------+--------+--------+-----+--------+
         Total |   4906 |   4774 |    132 |    349 |   3710 |   5 |  981.2 |
       Dungeon |   4906 |   4774 |    132 |    349 |   3710 |   5 |  981.2 |
               +--------+--------+--------+--------+--------+-----+--------+

Top non-repeatable levels by time:
     D:1: 1384 daAuts
     D:2: 1358 daAuts
     D:3: 1170 daAuts
     D:4: 973 daAuts
     D:5: 19 daAuts
